 Dungeon Crawl Stone Soup version 0.32-a0-391-gce5c0aab1b (webtiles) character file.

Game seed: 4667579896808129342

21 Iich the Trooper (level 2, 24/24 HPs)
             Began as a Demonspawn Fighter on Jan 11, 2024.
             Got out of the dungeon alive.
             The game lasted 00:01:12 (388 turns).

Iich the Trooper (Demonspawn Fighter)                Turns: 388, Time: 00:01:13

Health: 24/24      AC:  6    Str: 16    XL:     2   Next: 65%
Magic:  2/2        EV:  9    Int:  8    God:
Gold:   26         SH:  4    Dex: 12    Spells: 1/1 levels left

rFire   . . .        a - +0 war axe
rCold   . . .        c - +0 buckler
rNeg    . . .        b - +0 scale mail
rPois   .            (no helmet)
rElec   .            (no cloak)
rCorr   .            (no gloves)
SInv    .            (no boots)
Will    .....        (no amulet) Stlth
                     (no ring)
HPRegen 0.24/turn    (no ring)
MPRegen 0.08/turn

%: no passive effects
@: no status effects
A: ignite blood 1
a: no special abilities


You escaped.
You visited 1 branch of the dungeon, and saw 1 of its levels.

You collected 26 gold pieces.

Inventory:

Hand Weapons
 a - a +0 war axe (weapon)
Armour
 b - a +0 scale mail (worn)
 c - a +0 buckler (worn)
Scrolls
 e - a scroll of fog {unknown}
Potions
 d - a potion of might


   Skills:
 + Level 3.2 Fighting
 * Level 2.4 Axes
 - Level 2.6 Armour
 + Level 0.9 Dodging
 - Level 2.6 Shields


You had one spell level left.
You didn't know any spells.
Your spell library was empty.

Dungeon Overview and Level Annotations

Branches:
Dungeon (1/15)

Altars:


Innate Abilities, Weirdness & Mutations

Your demonic aura sometimes causes spilled blood to erupt in flames.


Message History

No target in view!
No target in view!
Welcome back, Iich the Demonspawn Fighter.
Press ? for a list of commands and other information.
Welcome back, Iich the Demonspawn Fighter.
Press ? for a list of commands and other information.
What level of the Dungeon? (default 1, ? - help) You're already here!
What level of the Dungeon? (default 1, ? - help)
A ball python is nearby!
You can't go up here!
The ball python barely misses you. x2
A goblin comes into view. It is wielding a +0 dagger.
You barely miss the ball python.
The goblin shouts!
The ball python bites you. The ball python grabs you.
The ball python constricts you.
The ball python bites you but does no damage.
The ball python constricts you.
You take 1 damage, and have 23/24 hp.
You barely miss the ball python. The ball python completely misses you.
The ball python constricts you.
Health restored: 24 Unknown command.
You slash the ball python!
You kill the ball python!
Unknown command.
You completely miss the goblin. The goblin misses you.
You slash the goblin!
You kill the goblin!
No target in view!
No target in view!
What level of the Dungeon? (default 1, ? - help)
You see here a ball python corpse.
Things that are here:
a hobgoblin skeleton; a rat skeleton You see here a hobgoblin skeleton.
You see here a bat skeleton.
There is a staircase leading out of the dungeon here.
You have escaped!

≈≈## ≈≈≈≈## #≈≈≈≈#
#####≈≈≈##########
.....≈≈≈≈.......@#
......≈≈≈........#
......≈≈≈........#
......≈≈≈≈.......#
.................#
......≈≈≈≈.......#
.......≈≈≈.......#
.......≈≈≈.......#
.......≈≈≈≈.....>#


There were no monsters in sight!

Vanquished Creatures
  An endoplasm (D:1)
  2 giant cockroaches (D:1)
  A goblin (D:1)
  4 hobgoblins (D:1)
  A quokka (D:1)
  4 ball pythons (D:1)
  2 bats (D:1)
  A kobold (D:1)
  3 rats (D:1)
19 creatures vanquished.

Notes
Turn   | Place    | Note
-------+----------+-------------------------------------------
     0 | D:1      | Iich the Demonspawn Fighter began the quest for the Orb.
     0 | D:1      | Reached XP level 1. HP: 18/18 MP: 1/1
    79 | D:1      | Gained mutation: Your demonic aura sometimes causes spilled
                  | blood to erupt in flames. [demonic ancestry]
    79 | D:1      | Reached XP level 2. HP: 20/24 MP: 2/2
   271 | D:1      | Upgraded the game from 0.31-a0-1620-gcbf77bbcfc to
                  | 0.32-a0-391-gce5c0aab1b
   388 | D:$      | Got out of the dungeon alive.

Illustrated notes

Levels and vault maps discovered:
D:1:      lemuel_arrival_river_bridge, layout_basic,
          shapermc_ecumenical_altar_acropolis, st_stairs_5, minmay_fountain_box,
          minmay_misc_feat_tiny

Skill      XL: |  1 |
---------------+----+-----
Axes           | 2 |  2.4
Fighting       | |  3.2
Armour         | |  2.6
Dodging        | |  0.9
Shields        | |  2.6

Action                     || total
---------------------------++-------
  Melee: War axe           ||    40
 Armour: Scale mail        ||    15
  Dodge: Dodged            ||    29
  Block: Buckler           ||    10

Table legend: (Time is in decaauts)
 A = Elapsed time spent in this place.
 B = Non-inter-level travel time spent in this place.
 C = Inter-level travel time spent in this place.
 D = Time resting spent in this place.
 E = Time spent auto-exploring this place.
 F = Levels seen in this place.
 G = Mean time per level.
                   A        B        C        D        E       F      G
               +--------+--------+--------+--------+--------+-----+--------+
         Total |    405 |    292 |    113 |      0 |    197 |   1 |  405.0 |
       Dungeon |    405 |    292 |    113 |      0 |    197 |   1 |  405.0 |
               +--------+--------+--------+--------+--------+-----+--------+

Top non-repeatable levels by time:
     D:1: 405 daAuts
